 Dungeon Crawl Stone Soup version 0.21.1-1-g345015fe64 (webtiles) character file.

11998 Destragon the Cleaver (level 11, -1/100 HPs)
             Began as a Minotaur Berserker on July 13, 2018.
             Was a High Priest of Trog.
             Killed by divine providence
             ... invoked by an orc priest
              (10 damage)
             ... on level 11 of the Dungeon.
             The game lasted 00:54:51 (7858 turns).

Destragon the Cleaver (Minotaur Berserker)          Turns: 7858, Time: 00:54:52

Health: -1/100     AC:  8    Str: 29    XL:     11   Next: 56%
Magic:  10/10      EV: 16    Int:  4    God:    Trog [*****.]
Gold:   402        SH:  0    Dex: 11    Spells: 10/10 levels left

rFire    . . .     SeeInvis .   T - +5 executioner's axe of Indomitability {chop, +Blink rC+ rN++}
rCold    + . .     Gourm    .   (shield currently unavailable)
rNeg     + + .     Faith    .   t - +1 troll leather armour
rPois    .         Spirit   .   (helmet restricted)
rElec    .         Reflect  .   f - +0 cloak
rCorr    .         Harm     .   F - +0 pair of gloves
MR       .....                  (no boots)
Stlth    ++........             r - amulet of magic regeneration
HPRegen  0.66/turn              g - +3 ring of strength
MPRegen  0.37/turn              N - +2 ring of strength

@: lethally poisoned (-1 -> -1)
A: retaliatory headbutt, horns 2
a: Berserk, Trog's Hand, Brothers in Arms, Burn Spellbooks, Renounce Religion,
Evoke Blink


You were on level 11 of the Dungeon.
You worshipped Trog.
Trog was extremely pleased with you.
You were not hungry.

You visited 1 branch of the dungeon, and saw 11 of its levels.

You collected 522 gold pieces.
You spent 120 gold pieces at shops.

Inventory:

Hand Weapons
 o - a +0 hunting sling of velocity
 H - the +5 hand axe of Equilibrium {chop, Dex+3}
   (You found it on level 6 of the Dungeon)

   It inflicts extra damage upon your enemies.
   It affects your dexterity (+3).
 T - the +5 executioner's axe of Indomitability (weapon) {chop, +Blink rC+ rN++}
   (Trog gifted it to you on level 11 of the Dungeon)

   It inflicts extra damage upon your enemies.
   It protects you from cold.
   It greatly protects you from negative energy.
   It lets you blink.
Missiles
 q - 122 sling bullets
Armour
 f - a +0 cloak (worn)
 t - a +1 troll leather armour (worn)
 F - a +0 pair of gloves (worn)
 S - a +0 large shield
 V - a +0 plate armour
Jewellery
 g - a +3 ring of strength (left hand)
 r - an amulet of magic regeneration (around neck)
 y - an uncursed ring of resist corrosion
 A - an uncursed ring of protection from fire {unknown}
 B - an uncursed ring of protection from cold {unknown}
 N - a +2 ring of strength (right hand)
 O - a cursed -6 ring of evasion {unknown}
Wands
 b - a wand of flame (20)
 u - a wand of paralysis (19)
 w - a wand of clouds (4)
 D - a wand of digging (16)
 K - a wand of acid (9)
 M - a wand of disintegration (9)
 R - a wand of random effects (17)
Scrolls
 h - 6 scrolls of remove curse
 i - 4 scrolls of enchant weapon
 k - 6 scrolls of noise
 m - a scroll of fear {unknown}
 n - 4 scrolls of immolation
 v - 5 scrolls of teleportation
 z - 2 scrolls of amnesia
 C - 2 scrolls of blinking {unknown}
 I - 2 scrolls of magic mapping
 J - 4 scrolls of fog
 P - a scroll of vulnerability {unknown}
 Q - a scroll of brand weapon {unknown}
Potions
 a - a potion of agility
 d - 7 potions of curing
 j - 5 potions of haste
 l - a potion of mutation
 p - 2 potions of ambrosia
 s - a potion of flight
 x - 3 potions of heal wounds
 E - 3 potions of might
 G - a potion of brilliance
Books
 L - a book of Flames

   Spells                             Type                      Level
   a - Flame Tongue                   Conjuration/Fire             1
   b - Throw Flame                    Conjuration/Fire             2
   c - Conjure Flame                  Conjuration/Fire             3
   d - Inner Flame                    Hexes/Fire                   3
   e - Sticky Flame                   Conjuration/Fire             4
   f - Fireball                       Conjuration/Fire             5
   Trog disapproves of the use of such an item.
Comestibles
 c - 23 rations


   Skills:
 + Level 10.2 Fighting
 + Level 12.2(13.3) Axes
   Level 9.4(12.0) Maces & Flails
 + Level 7.1 Armour
 + Level 8.9 Dodging
 + Level 4.4 Stealth
 + Level 0.4 Evocations


You had 10 spell levels left.
You didn't know any spells.

Dungeon Overview and Level Annotations

Branches:
Dungeon (11/15)            Temple (0/1) D:5             Orc (0/2) D:11
   Lair: D:8-11

Altars:
Ashenzari
Cheibriados
Fedhas
Gozag
Makhleb
Nemelex Xobeh
Qazlal
Ru
Sif Muna
Trog
Uskayaw
Wu Jian
Xom
Zin
The Shining One

Shops:
D:4 ?   D:9 (   D:11 :}([


Innate Abilities, Weirdness & Mutations

You reflexively headbutt those who attack you in melee.
You have a pair of horns on your head.


Message History

You feel strangely unstable.
You feel sick. The hippogriff bites you.
* * * LOW HITPOINT WARNING * * *
The hippogriff pecks you.
* * * LOW HITPOINT WARNING * * *
The hippogriff barely misses you.
* * * LOW HITPOINT WARNING * * *
You feel sick.
You see here 18 stones.
You feel much better.
You feel sick. The hippogriff bites you!
* * * LOW HITPOINT WARNING * * *
The hippogriff pecks you!
* * * LOW HITPOINT WARNING * * *
The hippogriff barely misses you.
You feel sick.
Your surroundings suddenly seem different.
You feel sick.
An orc priest comes into view. It is wielding a short sword.
The orc priest calls down the wrath of Beogh upon you.
Beogh smites you!
You die...

.........
.........
#...##### #..##
#.### # ....#
#. #.#.#
#o#########
....#
#.###o..o......
....#
#...o..@.....#
....#
############.#
∩...# ....# #.#
>...# #.# ....#
#.# ∩...# ##.#
....# ######..#
....#
#.......##


You could see an orc priest and 3 orcs.

Vanquished Creatures
  Erolcha (D:9)
  3 two-headed ogres
  The ghost of Tali the Cleaver, a novice MiFi (D:5)
  The ghost of JarielCorvus the Fighter, a novice GrFi of Qazlal (D:8)
  An ugly thing (D:11)
  A manticore (D:11)
  Joseph (D:7)
  A troll (D:8)
  A merfolk (D:11)
  2 hippogriffs (D:11)
  A shadow (D:10)
  A spriggan (D:11)
  The ghost of Htamos the Thaumaturge, an amateur DECj (D:4)
  4 vampire mosquitoes (D:8)
  A steam dragon (D:10)
  A hungry ghost (D:9)
  A water moccasin (D:6)
  2 black bears (D:7)
  7 orc warriors
  An ice beast (D:8)
  2 sky beasts (D:9)
  6 necrophages
  5 centaurs
  2 ogres (D:8)
  A phantom (D:5)
  2 big kobolds
  4 bullfrogs
  2 scorpions
  4 howler monkeys
  5 wights (D:5)
  4 crimson imps
  4 bullfrog zombies
  3 centaur zombies
  3 centaur skeletons
  A jelly (D:5)
  5 orc priests
  3 hounds
  A bullfrog skeleton (D:4)
  3 iguanas
  6 orc wizards
  4 worker ants
  A hound skeleton (D:6)
  2 worker ant zombies
  7 gnolls
  14 adders
  2 shadow imps
  2 adder zombies
  An ooze (D:3)
  4 leopard geckos
  25 orcs
  5 ball pythons
  10 bats
  7 giant cockroaches
  7 goblins
  7 hobgoblins
  8 jackals
  6 quokkas
  8 frilled lizards
  A jackal zombie (D:9)
  13 kobolds
  2 leopard gecko skeletons
  6 rats
  A bush (D:9)
  3 plants (D:9)
245 creatures vanquished.

Vanquished Creatures (others)
  A plant (D:9)
1 creature vanquished.

Grand Total: 246 creatures vanquished

Notes
Turn   | Place    | Note
-------+----------+-------------------------------------------
     0 | D:1      | Destragon the Minotaur Berserker began the quest for the Orb.
     0 | D:1      | Reached XP level 1. HP: 19/19 MP: 0/0
   340 | D:1      | Reached XP level 2. HP: 23/27 MP: 1/1
   908 | D:2      | Reached XP level 3. HP: 32/33 MP: 2/2
   994 | D:2      | Reached ** piety under Trog
  1061 | D:2      | Found a hide-covered altar of Uskayaw.
  1232 | D:2      | Reached XP level 4. HP: 41/41 MP: 3/3
  1496 | D:2      | Reached skill level 5 in Fighting
  2174 | D:3      | Reached XP level 5. HP: 48/48 MP: 4/4
  2411 | D:3      | Found an opulent altar of Gozag.
  2582 | D:4      | Reached skill level 5 in Maces & Flails
  2623 | D:4      | Noticed Htamos's ghost (amateur DECj)
  2630 | D:4      | Killed Htamos's ghost
  2630 | D:4      | Reached XP level 6. HP: 9/56 MP: 5/5
  3064 | D:4      | Found Yxter's Magic Scroll Shop.
  3098 | D:4      | Bought a scroll of enchant armour for 75 gold pieces
  3174 | D:5      | Entered Level 5 of the Dungeon
  3255 | D:5      | Found a shimmering altar of Xom.
  3294 | D:5      | Reached XP level 7. HP: 56/62 MP: 6/6
  3313 | D:5      | Reached *** piety under Trog
  3405 | D:5      | Found a glowing silver altar of Zin.
  3513 | D:5      | Found a staircase to the Ecumenical Temple.
  3619 | D:5      | Noticed Tali's ghost (novice MiFi)
  3796 | D:6      | Reached skill level 5 in Armour
  3800 | D:6      | Reached skill level 1 in Stealth
  3800 | D:6      | Reached XP level 8. HP: 53/71 MP: 7/7
  3851 | D:6      | Got an ichor-stained hand axe
  3852 | D:6      | Identified the +5 hand axe of Equilibrium {chop, Dex+3} (You found it on level 6 of the Dungeon)
  4061 | D:6      | Found a deep blue altar of Sif Muna.
  4402 | D:6      | Found an ornate altar of the Wu Jian Council.
  4497 | D:5      | Killed Tali's ghost
  4497 | D:5      | Reached skill level 1 in Axes
  4497 | D:5      | Reached skill level 5 in Dodging
  4570 | D:7      | Reached skill level 2 in Axes
  4624 | D:7      | Found a shattered altar of Ashenzari.
  4694 | D:7      | Noticed Joseph
  4700 | D:7      | Reached XP level 9. HP: 62/79 MP: 8/8
  4705 | D:7      | Reached skill level 3 in Axes
  4707 | D:7      | Killed Joseph
  4707 | D:7      | Reached skill level 4 in Axes
  4721 | D:7      | Found a sparkling altar of Nemelex Xobeh.
  4762 | D:7      | Reached **** piety under Trog
  4886 | D:7      | Found a burning altar of Makhleb.
  4975 | D:7      | Reached skill level 5 in Axes
  5084 | D:8      | Noticed JarielCorvus's ghost (novice GrFi)
  5112 | D:8      | Killed JarielCorvus's ghost
  5112 | D:8      | Reached skill level 6 in Axes
  5214 | D:8      | Noticed a two-headed ogre
  5225 | D:8      | Killed a two-headed ogre
  5225 | D:8      | Reached skill level 7 in Axes
  5225 | D:8      | Reached XP level 10. HP: 72/89 MP: 9/9
  5232 | D:8      | Found a sacrificial altar of Ru.
  5361 | D:8      | Reached skill level 8 in Axes
  5556 | D:8      | Reached skill level 9 in Axes
  5562 | D:8      | Reached ***** piety under Trog
  5900 | D:9      | Noticed a two-headed ogre
  5903 | D:9      | Found a snail-covered altar of Cheibriados.
  5975 | D:8      | Killed a two-headed ogre
  5975 | D:8      | Reached skill level 10 in Axes
  6013 | D:9      | Found a glowing golden altar of the Shining One.
  6138 | D:9      | Noticed Erolcha
  6147 | D:9      | Killed Erolcha
  6169 | D:9      | Found Cukorruniuth's Weapon Shoppe.
  6208 | D:9      | Found a blossoming altar of Fedhas.
  6283 | D:9      | Reached XP level 11. HP: 97/97 MP: 10/10
  6300 | D:9      | Reached skill level 11 in Axes
  6364 | D:9      | Found a stormy altar of Qazlal.
  6468 | D:9      | Found a bloodstained altar of Trog.
  6645 | D:10     | Entered Level 10 of the Dungeon
  6827 | D:10     | Noticed a two-headed ogre
  6833 | D:10     | Killed a two-headed ogre
  7311 | D:11     | Reached skill level 10 in Fighting
  7426 | D:11     | Found Ziapniv's Gadget Shop.
  7432 | D:11     | Received a gift from Trog
  7443 | D:11     | Found Efamea's Book Shoppe.
  7471 | D:11     | Got an encrusted executioner's axe {god gift}
  7472 | D:11     | Identified the +5 executioner's axe of Indomitability {chop, +Blink rC+ rN++} (Trog gifted it to you on level 11 of the Dungeon)
  7581 | D:11     | Found Ziaff's Armour Shoppe.
  7610 | D:11     | Found a staircase to the Orcish Mines.
  7611 | D:11     | Found Utzun's Weapon Shoppe.
  7619 | D:11     | Reached skill level 12 in Axes
  7675 | D:11     | Bought a +0 large shield for 45 gold pieces
  7831 | D:11     | Noticed a green ugly thing
  7842 | D:11     | Killed a green ugly thing
  7854 | D:11     | HP: 2/98 [hippogriff (5)]
  7858 | D:11     | Killed from afar by an orc priest

Skill      XL: |  1  2  3  4  5  6  7  8  9 10 11 |
---------------+----------------------------------+-----
Fighting       | 4 5 6 7 8 9 10 | 10.2
Maces & Flails | 4 5 6 7 9 |  9.4
Armour         | 3 4 5 6 7 |  7.1
Dodging        | 3 4 5 6 7 8 |  8.9
Stealth        | 1 2 3 4 |  4.4
Axes           | 2 7 10 12 | 12.2
Evocations     | |  0.4

Action                   |  1- 3 |  4- 6 |  7- 9 | 10-12 || total
-------------------------+-------+-------+-------+-------++-------
Melee: Mace              |    63 |    90 |    51 |       ||   204
       Headbutt          |    10 |    12 |    43 |    77 ||   142
       Hand axe          |       |       |   126 |   220 ||   346
       Executioner's axe |       |       |       |    31 ||    31
Invok: Berserk           |     1 |     1 |     2 |     3 ||     7
       Trog's Hand       |       |       |       |     2 ||     2
Evoke: Wand              |       |       |       |     5 ||     5
  Use: Scroll            |       |     1 |     6 |    12 ||    19
       Potion            |       |       |     1 |     1 ||     2
 Stab: Sleeping          |       |       |     2 |     4 ||     6
  Eat: Chunk             |     2 |     7 |     8 |    14 ||    31
Armor: Animal skin       |     5 |       |       |       ||     5
       Ring mail         |    28 |     6 |       |       ||    34
       Troll leather arm |       |    25 |    47 |    48 ||   120
Dodge: Dodged            |    62 |    72 |   132 |   157 ||   423
